 Dungeon Crawl Stone Soup version 0.28.0-49-g6dfe1f597d (webtiles) character file.

Game seed: 15289750786154615062

191430 drbro the Severer (level 19, -26/151 HPs)
             Began as a Formicid Fighter on May 18, 2022.
             Was the Champion of the Shining One.
             Annihilated by an ettin
             ... wielding a +0 dire flail
              (28 damage)
             ... on level 1 of the Depths on May 19, 2022.
             The game lasted 01:28:25 (25292 turns).

drbro the Severer (Formicid Fighter)               Turns: 25292, Time: 01:28:27

Health: -26/151    AC: 25    Str: 38    XL:     19   Next: 35%
Magic:  25/33      EV:  8    Int: 10    God:    the Shining One [******]
Gold:   2464       SH: 25    Dex: 14    Spells: 38/38 levels left

rFire   + + +      SeeInvis +   E - +1 battleaxe (freeze)
rCold   + + .      Faith    .   S - +2 shield of Resistance {rF++ rC++ Will++}
rNeg    + + +      Spirit   .   D - +1 plate armour "Baurph" {rF+ Int+2 Dex+4 SInv}
rPois   +          Reflect  .   (helmet unavailable)
rElec   .          Harm     .   k - +1 cloak {Will+}
rCorr   .          Rampage  ∞   j - +2 pair of gloves
Will    ++++.                   N - +3 pair of seven-league boots {Rampage+∞}
Stlth   ..........              f - amulet of Ashenzari's Grace {Regen+ Str+3 Stlth+}
HPRegen 1.15/turn               e - ring of poison resistance
MPRegen 0.23/turn               t - +6 ring of strength

@: divinely shielded, flying, glowing
A: permanent stasis, dig shafts and tunnels, antennae 3, four strong arms
a: Dig, Shaft Self, Renounce Religion, Divine Shield, Cleansing Flame, Summon
Divine Warrior, Brand Weapon With Holy Wrath


You were on level 1 of the Depths.
You worshipped the Shining One.
The Shining One was exalted by your worship.
You visited 5 branches of the dungeon, and saw 25 of its levels.
You also visited: Gauntlet, Ice Cave and Volcano.

You collected 2868 gold pieces.
You spent 404 gold pieces at shops.

Inventory:

Hand Weapons
 a - a +1 antimagic battleaxe
 E - a +1 battleaxe of freezing (weapon)
 I - a +0 glaive of flaming
Armour
 j - a +2 pair of gloves (worn)
 k - a +1 cloak of willpower (worn)
 D - the +1 plate armour "Baurph" (worn) {rF+ Int+2 Dex+4 SInv}
   (You found it on level 8 of the Dungeon)

   Int:       It affects your intelligence (+2).
   Dex:       It affects your dexterity (+4).
   rF:        It protects you from fire.
   SInv:      It lets you see invisible.
 N - the +3 pair of seven-league boots (worn) {Rampage+∞}
   (You acquired it in a Gauntlet)

   Its wearer moves as far as possible in that direction when moving towards
   enemies.
 S - the +2 shield of Resistance (worn) {rF++ rC++ Will++}
   (You found it in a Gauntlet)

   rF:        It greatly protects you from fire.
   rC:        It greatly protects you from cold.
   Will:      It greatly increases your willpower.
Jewellery
 e - a ring of poison resistance (left hand)
 f - an amulet of Ashenzari's Grace (around neck) {Regen+ Str+3 Stlth+}
   (You acquired it in a Gauntlet)

   [amulet of regeneration]

   Str:       It affects your strength (+3).
   Regen:     It increases your rate of health regeneration.
   Stlth:     It makes you more stealthy.
 t - a +6 ring of strength (right hand)
 y - an amulet of the acrobat
 z - a ring of protection from cold
 H - a ring of flight
 J - the ring "Byopp" {rElec rF++ Int+6 Dex+4}
   (You found it on level 13 of the Dungeon)

   [ring of intelligence]

   Int:       It affects your intelligence (+6).
   Dex:       It affects your dexterity (+4).
   rF:        It greatly protects you from fire.
   rElec:     It insulates you from electricity.
 M - an amulet of guardian spirit
 O - the ring "Pehoi" {rF+ Str-5 Int-2 Dex+10}
   (You found it in a Gauntlet)

   [ring of protection from fire]

   Str:       It affects your strength (-5).
   Int:       It affects your intelligence (-2).
   Dex:       It affects your dexterity (+10).
   rF:        It protects you from fire.
 P - the ring "Wevynuny" {Ice +Blink Dex+3}
   (You found it in a Gauntlet)

   [ring of ice]

   It enhances your ice magic.
   Dex:       It affects your dexterity (+3).
   rF:        It makes you vulnerable to fire.
   rC:        It protects you from cold.
   +Blink:    It lets you blink.
 Q - the ring of the Fifty Stories {Fly rF+ rC+ Int-4}
   (You took it off a minotaur in a Gauntlet)

   [ring of protection from cold]

   Int:       It affects your intelligence (-4).
   rF:        It protects you from fire.
   rC:        It protects you from cold.
   Fly:       It grants you flight.
 T - a ring of resist corrosion
Wands
 c - a wand of mindburst (27)
 g - a wand of acid (5)
 l - a wand of paralysis (16)
 x - a wand of digging (8)
 L - a wand of iceblast (13)
 V - a wand of flame (11)
 X - a wand of charming (11)
 Z - a wand of polymorph (6)
Scrolls
 b - 2 scrolls of vulnerability
 n - 2 scrolls of holy word
 o - a scroll of acquirement
 p - 2 scrolls of silence
 q - 3 scrolls of magic mapping
 r - 5 scrolls of amnesia
 s - a scroll of brand weapon {unknown}
 A - 3 scrolls of enchant weapon {unknown}
 B - 7 scrolls of fog {unknown}
 F - a scroll of torment {unknown}
 G - 4 scrolls of noise
 K - 6 scrolls of fear
 U - a scroll of enchant armour {unknown}
Potions
 d - 4 potions of might
 h - 5 potions of curing
 i - 3 potions of lignification
 m - 2 potions of brilliance
 u - 2 potions of heal wounds
 v - 4 potions of resistance
 C - 3 potions of mutation
 W - 3 potions of magic {unknown}
 Y - a potion of cancellation {unknown}


   Skills:
 * Level 13.9 Fighting
 - Level 0.5(0.7) Short Blades
 - Level 0.5(0.7) Long Blades
 * Level 19.0(19.1) Axes
 - Level 0.9(12.5) Maces & Flails
 - Level 0.6(12.5) Polearms
 - Level 0.6(0.8) Slings
 - Level 0.3 Bows
 - Level 1.4 Crossbows
 - Level 0.5(0.7) Throwing
 + Level 9.4 Armour
 - Level 4.3 Stealth
 * Level 13.8 Shields
 - Level 0.5 Unarmed Combat
 * Level 10.1 Spellcasting
 - Level 0.4 Conjurations
 * Level 1.7 Hexes
 - Level 0.5 Summonings
 - Level 0.5 Necromancy
 - Level 0.6 Translocations
 - Level 0.6 Transmutations
 - Level 0.5 Fire Magic
 - Level 0.5 Ice Magic
 - Level 0.3 Air Magic
 - Level 0.7 Earth Magic
 - Level 1.2 Poison Magic
 * Level 11.4 Invocations
 * Level 8.9 Evocations


You had 38 spell levels left.
You didn't know any spells.
Your spell library contained the following spells:

 Spells                   Type           Power      Damage    Failure   Level
 Slow                     Hex            32%        N/A       47%         1
 Freeze                   Ice            24%        1d5       65%         1
 Shock                    Conj/Air       20%        1d4       67%         1
 Wereblood                Tmut           6%         N/A       77%         2
 Scorch                   Fire           12%        2d6       80%         2
 Static Discharge         Conj/Air       5%         N/A       80%         2
 Sublimation of Blood     Necr           6%         N/A       80%         2
 Tukima's Dance           Hex            8%         N/A       85%         3
 Inner Flame              Hex/Fire       7%         N/A       90%         3
 Portal Projectile        Hex/Tloc       14%        N/A       90%         3
 Ignite Poison            Fire/Tmut/Pois 6%         N/A       93%         3
 Conjure Flame            Conj/Fire      6%         6-21      95%         3
 Frozen Ramparts          Ice            12%        1d3       95%         3
 Cause Fear               Hex            4%         N/A       99%         4
 Airstrike                Air            2%         N/A       100%        4
 Anguish                  Hex/Necr       3%         N/A       100%        4
 Animate Armour           Summ/Erth      12%        N/A       100%        4
 Flame Wave               Conj/Fire      6%         2d5       100%        4
 Fulminant Prism          Conj/Hex       3%         3d6       100%        4
 Hailstorm                Conj/Ice       6%         3d4       100%        4
 Ice Form                 Ice/Tmut       6%         N/A       100%        4
 Sticky Flame             Conj/Fire      6%         2d3       100%        4
 Summon Ice Beast         Ice/Summ       6%         N/A       100%        4
 Blade Hands              Tmut           3%         N/A       100%        5
 Excruciating Wounds      Necr           3%         N/A       100%        5
 Fireball                 Conj/Fire      3%         3d4       100%        5
 Iskenderun's Battlesphe  Conj           5%         2d6       100%        5
 Lightning Bolt           Conj/Air       2%         1d14      100%        5
 Silence                  Hex/Air        3%         N/A       100%        5
 Conjure Ball Lightning   Conj/Air       2%         3x3d6     100%        6
 Summon Cactus Giant      Summ           3%         N/A       100%        6
 Enfeeble                 Hex            4%         N/A       100%        7
 Haunt                    Necr/Summ      3%         N/A       100%        7
 Orb of Destruction       Conj           2%         9d5       100%        7
 Summon Hydra             Summ           3%         N/A       100%        7
 Discord                  Hex            4%         N/A       100%        8
 Maxwell's Capacitive Co  Air            2%         ∞         100%        8
 Swiftness                Air            Unusable   N/A       N/A         3

Dungeon Overview and Level Annotations

Branches:
Dungeon (15/15)            Temple (1/1) D:5            Lair (6/6) D:9
  Swamp (0/4) Lair:4        Snake (0/4) Lair:2        Slime (0/5) Lair:6
    Orc (2/2) D:11            Elf (0/3) Orc:2        Vaults (0/5) D:14
 Depths (1/4) D:15          IceCv (visited)         Volcano (visited)
Gauntlet (visited)

Altars:
Ashenzari
Cheibriados
Dithmenos
Elyvilon
Fedhas
Gozag
Hepliaklqana
Kikubaaqudgha
Makhleb
Nemelex Xobeh
Okawaru
Qazlal
Ru
Sif Muna
Trog
Uskayaw
Vehumet
Wu Jian
Xom
Yredelemnul
Zin
The Shining One
Beogh
Jiyva

Shops:
D:7 (   D:14 *   Orc:2 *:([*   Depths:1 (


Innate Abilities, Weirdness & Mutations

You cannot be hasted, slowed, berserked, paralysed or teleported.
You can dig through walls and to a lower floor.
You have a pair of large antennae on your head. (SInv)
Your four strong arms can wield two-handed weapons with a shield.


Message History

Your angel is healed somewhat.
Okay, then.
You feel much better. You block the spark wasp's attack.
The fire giant hits your angel with a +2 great sword of flaming!!!
The fire giant burns your angel!
Your angel dies!
Your angel dissolves into sparkling lights!
Your spark wasp stings the ettin!!
Your spark wasp shocks the ettin!
You feel very buoyant.
You fly up into the air.
You block the fire giant's attack. You block the spark wasp's attack.
Your spark wasp stings the spark wasp!
Your spark wasp shocks the spark wasp.
The spark wasp completely resists.
You block the spark wasp's attack.
You are momentarily dazzled by a brilliant light.
You block the spark wasp's attack. x2
The fire giant gestures at you while chanting.
The bolt of fire hits you. You resist.
Your spark wasp closely misses the spark wasp.
The ettin barely misses you.
The ettin hits you with a +0 dire flail!
* * * LOW HITPOINT WARNING * * *
The spark wasp stings you!
* * * LOW HITPOINT WARNING * * *
The spark wasp shocks you!
* * * LOW HITPOINT WARNING * * *
Unknown command.
You feel much better.
Your spark wasp closely misses the spark wasp.
The spark wasp stings you!!
* * * LOW HITPOINT WARNING * * *
The spark wasp shocks you!
* * * LOW HITPOINT WARNING * * *
You block the fire giant's attack. The spark wasp stings you!
The Shining One protects you from harm! The spark wasp shocks you!
The Shining One protects you from harm!
Your angel hits the spark wasp with a +2 whip of holy wrath.
Your angel barely misses the spark wasp.
The ettin hits you with a +0 dire flail!!
You die...

# #...# #............ #
#...# #............ #
#...# #............ #
#...# #............ #
#...# #.)[......... #
#...# #....(....... #
#...# #.A.y......>.
#######...# #.yyC.)......
.....)....####..@CQ.......
.................####.....
........^........# .{...
.................# {...
..........####...# ...
..........# #...# ...
..........# #...#
..........# #...#
........# #...#


You could see a fire giant, an ettin, 2 spark wasps, a tengu warrior, a friendly
angel (summoned) and a friendly spark wasp (charmed).

Vanquished Creatures
  Gastronok (Lair:3)
  A frost giant (Depths:1)
  An orc warlord (Orc:2)
  Louise (D:15)
  A very ugly thing (D:14)
  A minotaur (Gauntlet)
  Azrael (D:15)
  2 dire elephants
  A spark wasp (Depths:1)
  A fire dragon (Lair:6)
  4 vault guards (D:14)
  Josephine (D:10)
  2 great orbs of eyes
  A hydra (D:14)
  The ghost of Cotigaf the Severer, a journeyman MiFi of Hepliaklqana (Orc:1)
  8 centaur warriors
  2 catoblepae
  2 two-headed ogres
  A death knight (D:15)
  4 boulder beetles
  The ghost of Plazmod the Destroyer, a journeyman DECj of Vehumet (D:12)
  2 death yaks
  3 tengu warriors
  A deep troll earth mage (Depths:1)
  2 orc high priests (Orc:2)
  2 deep elf knights (D:15)
  A fire crab (D:11)
  An iron troll (Depths:1)
  A shadow wraith (D:14)
  2 deep trolls
  A swamp dragon (Lair:6)
  2 deep elf archers
  2 bog bodies (IceCv)
  4 wizards
  6 orc knights
  A deep elf zephyrmancer (D:15)
  A salamander (D:15)
  11 deep elf pyromancers
  5 orc sorcerers
  A manticore (shapeshifter) (D:14)
  3 wolf spiders
  A cyclops (shapeshifter) (D:15)
  A manticore (D:14)
  7 cyclopes
  7 elephants (Lair:6)
  18 ugly things
  A guardian serpent (Lair:6)
  9 black mambas
  Joseph (D:8)
  22 cane toads
  An ice statue (IceCv)
  Maggie (D:6)
  12 komodo dragons
  An unseen horror (shapeshifter) (D:14)
  7 kobold demonologists
  A freezing wraith (IceCv)
  An unseen horror (D:12)
  8 rime drakes
  3 tengu conjurers
  An efreet (D:14)
  5 yaktaurs
  An ice devil (IceCv)
  2 komodo dragons (shapeshifter)
  2 anaconda simulacra (IceCv)
  Grinder (D:4)
  8 trolls
  2 polar bears (Lair:5)
  A tyrant leech (Lair:4)
  6 hornets
  14 blink frogs
  7 dream sheep
  2 shadows
  A centaur simulacrum (D:14)
  46 yaks
  3 dire elephant simulacra (IceCv)
  7 wraiths
  4 fire bats (D:9)
  9 fire elementals
  10 wyverns
  2 humans (D:14)
  6 vampire mosquitoes
  3 basilisks
  8 wargs
  2 redbacks
  4 steam dragons
  3 death yak simulacra (IceCv)
  A warg (shapeshifter) (D:13)
  2 acid dragons (Lair:6)
  2 swamp worms (Lair:4)
  7 hell hounds
  20 water moccasins
  37 orc warriors
  A sky beast (D:5)
  A black bear (D:5)
  3 necrophages
  4 ogres
  19 wolves
  9 centaurs
  2 kobold brigands
  12 bullfrogs
  3 cane toad simulacra (IceCv)
  A wyvern skeleton (D:7)
  2 scorpions
  7 two-headed ogre simulacra (IceCv)
  A water moccasin skeleton (D:6)
  An elephant simulacrum (IceCv)
  6 killer bees (D:9)
  9 wights (D:8)
  3 electric eels (D:9)
  A howler monkey (D:10)
  The ghost of Atelerd the Digger, a weakling OpEE (D:3)
  2 lava snakes (D:9)
  9 hounds
  A bullfrog zombie (D:6)
  4 centaur zombies
  16 orc priests
  A bullfrog skeleton (D:7)
  A gnoll shaman (D:8)
  A jelly (D:6)
  A centaur skeleton (D:4)
  Crazy Yiuf (D:2)
  Jessica (D:3)
  4 iguanas
  15 orc wizards
  Terence (D:3)
  4 wolf simulacra (IceCv)
  5 spriggan simulacra (IceCv)
  4 troll simulacra (IceCv)
  A hound skeleton (D:5)
  5 adders
  5 gnolls (D:8)
  5 naga simulacra (IceCv)
  3 shadow imps
  7 white imps
  4 ufetubi (IceCv)
  An adder skeleton (D:4)
  3 worms
  5 dart slugs
  79 orcs
  7 endoplasms
  7 giant cockroaches
  8 hobgoblins
  5 jackals
  7 quokkas
  7 ball pythons
  11 bats
  A frilled lizard (D:3)
  2 goblins
  18 kobolds
  7 rats
  A fire vortex (D:9)
777 creatures vanquished.

Vanquished Creatures (collateral kills)
  Agnes (D:14)
  A stone giant (Depths:1)
  A vault guard (D:14)
  7 hydras
  A deep troll (Depths:1)
  A black mamba (Lair:6)
  2 cane toads (Lair:6)
  2 elephants (Lair:6)
  A hornet (Lair:6)
  6 blink frogs
  A wyvern (Lair:6)
  2 yaks (Lair:6)
  2 redbacks (Lair:6)
  A swamp worm (Lair:4)
  5 water moccasins (Lair:6)
  A bullfrog (Lair:4)
35 creatures vanquished.

Vanquished Creatures (others)
  A tengu warrior (Depths:1)
  A black mamba (Lair:6)
  An iguana (Lair:4)
  2 fire vortices (D:9)
  45 fungi
  103 plants
153 creatures vanquished.

Grand Total: 965 creatures vanquished

Notes
Turn   | Place    | Note
-------+----------+-------------------------------------------
     0 | D:1      | drbro the Formicid Fighter began the quest for the Orb.
     0 | D:1      | Reached XP level 1. HP: 18/18 MP: 1/1
   261 | D:1      | Reached XP level 2. HP: 21/24 MP: 2/2
   725 | D:1      | Noticed a golden eye
   726 | D:1      | Found a faded altar of an unknown god.
   735 | D:1      | Reached XP level 3. HP: 26/29 MP: 3/3
   744 | D:1      | Noticed a floating eye
   744 | D:1      | Noticed a floating eye
   744 | D:1      | Noticed a shining eye
  1186 | D:2      | Reached skill level 1 in Stealth
  1418 | D:2      | Found a hide-covered altar of Uskayaw.
  1477 | D:2      | Reached XP level 4. HP: 37/37 MP: 5/5
  1684 | D:2      | Found a runed translucent door.
  1685 | D:2      | Noticed Crazy Yiuf
  1686 | D:2      | Identified the +3 mace of Big Damage {antimagic, rC+
                  | Stlth+}
  1698 | D:2      | HP: 1/37 [Crazy Yiuf/+4 quarterstaff of chaos (1)]
  2141 | D:2      | Killed Crazy Yiuf
  2142 | D:2      | Reached skill level 3 in Axes
  2142 | D:2      | Reached skill level 1 in Spellcasting
  2353 | D:2      | Reached XP level 5. HP: 31/42 MP: 6/6
  2713 | D:3      | Noticed Terence
  2721 | D:3      | Killed Terence
  2749 | D:3      | Noticed Jessica
  2767 | D:3      | Killed Jessica
  2768 | D:3      | Identified the +2 robe "Hirofout" {*Slow Slay+3 Stlth+}
  2887 | D:3      | Reached XP level 6. HP: 48/48 MP: 7/7
  3045 | D:3      | You fall into a shaft and drop 3 floors!
  3113 | D:6      | Found a stormy altar of Qazlal.
  3155 | D:5      | Entered Level 5 of the Dungeon
  3164 | D:5      | Reached skill level 4 in Axes
  3487 | D:3      | Found a runed translucent gate.
  3488 | D:3      | Found a runed translucent gate.
  3490 | D:3      | Found a runed translucent gate.
  3490 | D:3      | Noticed Atelerd's ghost (weakling OpEE)
  3707 | D:3      | Killed Atelerd's ghost
  3948 | D:4      | Reached XP level 7. HP: 54/54 MP: 9/9
  4187 | D:4      | Noticed Grinder
  4205 | D:4      | Killed Grinder
  4206 | D:4      | Reached skill level 5 in Axes
  4609 | D:5      | Reached XP level 8. HP: 61/61 MP: 11/11
  4665 | D:5      | Found a staircase to the Ecumenical Temple.
  4678 | Temple   | Entered the Ecumenical Temple
  4718 | Temple   | Became a worshipper of the Shining One
  4937 | D:5      | Found a bloodstained altar of Trog.
  4961 | D:5      | Reached skill level 5 in Shields
  4964 | D:5      | Reached skill level 6 in Axes
  5008 | D:5      | Found a basalt altar of Yredelemnul.
  5612 | D:6      | Reached skill level 5 in Fighting
  5637 | D:6      | Reached skill level 7 in Axes
  5723 | D:6      | Found a white marble altar of Elyvilon.
  6085 | D:6      | Reached XP level 9. HP: 65/68 MP: 13/13
  6123 | D:6      | Noticed Maggie
  6157 | D:6      | Killed Maggie
  6158 | D:6      | Reached skill level 8 in Axes
  6158 | D:6      | Reached skill level 1 in Invocations
  6830 | D:7      | Noticed a hornet
  6834 | D:7      | Killed a hornet
  7137 | D:7      | Reached skill level 5 in Armour
  7269 | D:7      | Reached * piety under the Shining One
  7459 | D:7      | Found Cyakommio's Antique Weapon Boutique.
  7656 | D:8      | Noticed a two-headed ogre
  7832 | D:7      | You fall into a shaft and drop 1 floor!
  8095 | D:8      | Reached skill level 9 in Axes
  8287 | D:8      | Identified the +1 plate armour "Baurph" {rF+ Int+2 Dex+4
                  | SInv}
  8379 | D:8      | Noticed Joseph
  8392 | D:8      | Killed Joseph
  8393 | D:8      | Reached XP level 10. HP: 68/76 MP: 14/16
  8572 | D:8      | Reached ** piety under the Shining One
  9085 | D:9      | Reached skill level 10 in Axes
  9656 | D:9      | Identified the +10 short sword "Axzo" {elec, rElec}
  9955 | D:9      | Found a staircase to the Lair.
  9957 | D:9      | Reached XP level 11. HP: 81/84 MP: 18/18
  9962 | D:9      | Reached skill level 11 in Axes
 10435 | D:10     | Entered Level 10 of the Dungeon
 10485 | D:10     | Noticed a two-headed ogre
 10557 | D:11     | Reached skill level 5 in Spellcasting
 11005 | D:11     | Found a transporter.
 11037 | D:11     | Noticed a brown ugly thing
 11037 | D:11     | Reached *** piety under the Shining One
 11300 | D:10     | Killed a two-headed ogre
 11301 | D:10     | Reached skill level 5 in Invocations
 11451 | D:10     | Noticed Josephine
 11468 | D:10     | Killed Josephine
 11476 | D:10     | Reached skill level 12 in Axes
 12106 | D:12     | Noticed a centaur warrior
 12120 | D:12     | Killed a centaur warrior
 12122 | D:12     | Identified 2 scrolls of acquirement
 12169 | D:12     | Found a gate leading to a gauntlet.
 12180 | Gauntlet | Entered a Gauntlet
 12180 | Gauntlet | Found a transporter.
 12180 | Gauntlet | Found a transporter.
 12202 | Gauntlet | Noticed a catoblepas
 12349 | Gauntlet | Found a transporter.
 12350 | Gauntlet | Found a transporter.
 12350 | Gauntlet | Found a transporter.
 12350 | Gauntlet | Found a transporter.
 12353 | Gauntlet | Noticed a glowing orange brain
 12354 | Gauntlet | Noticed a red ugly thing
 12355 | Gauntlet | Noticed a white ugly thing
 12356 | Gauntlet | Noticed a glowing orange brain
 12360 | Gauntlet | Found a transporter.
 12360 | Gauntlet | Noticed a green death
 12364 | Gauntlet | Found a transporter.
 12366 | Gauntlet | Found a large runed translucent door.
 12367 | Gauntlet | Found a large runed translucent door.
 12368 | Gauntlet | Found a large runed translucent door.
 12368 | Gauntlet | Found a large runed translucent door.
 12368 | Gauntlet | Found a runed translucent door.
 12369 | Gauntlet | Found a large runed translucent door.
 12370 | Gauntlet | Found a large runed translucent door.
 12370 | Gauntlet | Noticed a wizard
 12371 | Gauntlet | Found a large runed translucent door.
 12371 | Gauntlet | Found a large runed translucent door.
 12372 | Gauntlet | Found a runed translucent gate.
 12374 | Gauntlet | Noticed an elephant
 12374 | Gauntlet | Noticed a dire elephant
 12376 | Gauntlet | Noticed an elephant
 12376 | Gauntlet | Reached **** piety under the Shining One
 12380 | Gauntlet | Found a transporter.
 12381 | Gauntlet | Found a transporter.
 12381 | Gauntlet | Found a runed translucent gate.
 12382 | Gauntlet | Found a runed translucent gate.
 12382 | Gauntlet | Found a runed translucent door.
 12383 | Gauntlet | Found a large runed translucent door.
 12383 | Gauntlet | Found a large runed translucent door.
 12384 | Gauntlet | Found a large runed translucent door.
 12385 | Gauntlet | Found a large runed translucent door.
 12394 | Gauntlet | Found a large runed translucent door.
 12394 | Gauntlet | Found a large runed translucent door.
 12395 | Gauntlet | Found a large runed translucent door.
 12396 | Gauntlet | Found a large runed translucent door.
 12398 | Gauntlet | Found a transporter.
 12402 | Gauntlet | Found a transporter.
 12485 | Gauntlet | Noticed a wizard
 12589 | Gauntlet | Acquired the +3 pair of seven-league boots {Rampage+∞}
 12589 | Gauntlet | Found the +3 pair of seven-league boots {Rampage+∞}
 12601 | Gauntlet | Acquired an amulet of Ashenzari's Grace {Regen+ Str+3
                  | Stlth+}
 12623 | Gauntlet | Reached XP level 12. HP: 88/94 MP: 20/20
 12674 | Gauntlet | Reached skill level 1 in Evocations
 12683 | Gauntlet | Identified the ring "Pehoi" {rF+ Str-5 Int-2 Dex+10}
 12687 | Gauntlet | Identified the ring "Wevynuny" {Ice +Blink Dex+3}
 12783 | Gauntlet | Found the +2 shield of Resistance {rF++ rC++ Will++}
 12783 | Gauntlet | Identified the +5 chain mail of Jizy {Will+ rCorr}
 12783 | Gauntlet | Identified the ring of the Fifty Stories {Fly rF+ rC+
                  | Int-4}
 12783 | Gauntlet | Noticed a minotaur
 12795 | Gauntlet | Killed a minotaur
 12800 | Gauntlet | Got Cuesmuk's Tome of Malediction
 12960 | D:11     | Found a transporter.
 12962 | D:11     | Noticed a fire crab
 13059 | D:11     | Found a staircase to the Orcish Mines.
 13175 | D:11     | Reached skill level 13 in Axes
 13619 | D:12     | Found a runed translucent gate.
 13620 | D:12     | Noticed Plazmod's ghost (journeyman DECj)
 13620 | D:12     | Found a runed translucent gate.
 13621 | D:12     | Found a runed translucent gate.
 13622 | D:12     | Identified the +0 chain mail of Responsibility {Dex+3 SInv}
 13770 | D:12     | Killed Plazmod's ghost
 13862 | D:13     | Noticed a centaur warrior
 13970 | Lair:1   | Entered Level 1 of the Lair of Beasts
 14286 | Lair:1   | Noticed a seven-headed hydra
 14385 | Lair:1   | Reached XP level 13. HP: 64/101 MP: 22/22
 14818 | Lair:2   | Found a staircase to the Snake Pit.
 15292 | Lair:2   | You fall into a shaft and drop 1 floor!
 15334 | Lair:3   | Found a frozen archway.
 15341 | Lair:3   | Reached skill level 14 in Axes
 15347 | IceCv    | Entered an ice cave
 15409 | IceCv    | Reached ***** piety under the Shining One
 15591 | IceCv    | Reached skill level 10 in Fighting
 15730 | IceCv    | Reached ****** piety under the Shining One
 16045 | Lair:3   | Reached skill level 10 in Shields
 16082 | Lair:3   | Noticed Gastronok
 16092 | Lair:3   | Killed Gastronok
 16154 | Lair:3   | Noticed a seven-headed hydra
 16327 | Lair:4   | Noticed a seven-headed hydra
 16356 | Lair:3   | Killed a seven-headed hydra
 16878 | Lair:2   | Reached XP level 14. HP: 111/111 MP: 25/25
 16923 | Lair:2   | Reached skill level 15 in Axes
 17645 | Lair:4   | Reached skill level 5 in Evocations
 17970 | Lair:4   | Found a staircase to the Swamp.
 18768 | Lair:4   | You fall into a shaft and drop 2 floors!
 18768 | Lair:6   | Entered Level 6 of the Lair of Beasts
 18818 | Lair:6   | Found a dark tunnel.
 18886 | Lair:6   | Reached skill level 16 in Axes
 18926 | Lair:6   | Reached XP level 15. HP: 119/119 MP: 27/27
 18961 | Volcano  | Entered a volcano
 19325 | Lair:6   | Found a viscous altar of Jiyva.
 19325 | Lair:6   | Found a staircase to the Slime Pits.
 19704 | Lair:6   | Reached skill level 17 in Axes
 20576 | Orc:1    | Entered Level 1 of the Orcish Mines
 20701 | Orc:2    | Entered Level 2 of the Orcish Mines
 20885 | Orc:2    | Found Deseo's General Store.
 21028 | Orc:2    | Noticed an orc warlord
 21074 | Orc:2    | Killed an orc warlord
 21075 | Orc:2    | Reached XP level 16. HP: 127/127 MP: 25/28
 21118 | Orc:2    | Found a staircase to the Elven Halls.
 21129 | Orc:2    | Found Felyu's Antique Armour Emporium.
 21136 | Orc:2    | Found Jeficlo's General Store.
 21143 | Orc:2    | Found Mydwih's Antique Weapon Boutique.
 21144 | Orc:2    | Bought a scroll of silence for 82 gold pieces
 21144 | Orc:2    | Bought a scroll of silence for 82 gold pieces
 21196 | Orc:2    | Found an iron altar of Okawaru.
 21234 | Orc:2    | Found Dajapn's Book Boutique.
 21635 | Orc:1    | Found a runed translucent door.
 21670 | Orc:1    | Noticed Cotigaf's ghost (journeyman MiFi)
 21793 | Orc:1    | Killed Cotigaf's ghost
 22325 | D:13     | Reached skill level 10 in Invocations
 22353 | D:13     | Identified the ring "Byopp" {rElec rF++ Int+6 Dex+4}
 22583 | D:13     | Found a shadowy altar of Dithmenos.
 22658 | D:14     | Found Abueti Koax's General Store.
 22669 | D:14     | Reached skill level 1 in Crossbows
 22669 | D:14     | Reached XP level 17. HP: 135/135 MP: 30/30
 22670 | D:14     | Reached skill level 1 in Poison Magic
 22670 | D:14     | Reached XP level 18. HP: 142/142 MP: 31/31
 22676 | D:14     | Bought a wand of mindburst (12) for 240 gold pieces
 22713 | D:14     | Reached skill level 18 in Axes
 22791 | D:14     | Noticed Agnes
 22807 | D:14     | Killed Agnes
 22904 | D:14     | Found an ancient bone altar of Kikubaaqudgha.
 23715 | D:14     | Found a gate to the Vaults.
 23852 | D:15     | Entered Level 15 of the Dungeon
 23865 | D:15     | Noticed Azrael
 23881 | D:15     | Killed Azrael
 24086 | D:15     | Reached XP level 19. HP: 150/150 MP: 32/32
 24087 | D:15     | Found a staircase to the Depths.
 24193 | D:15     | Noticed Louise
 24199 | D:15     | Killed Louise
 24227 | D:15     | Reached skill level 10 in Spellcasting
 24560 | D:15     | Found a hazy altar of Hepliaklqana.
 24720 | D:11     | Reached skill level 1 in Hexes
 24748 | D:11     | Got the Disquisition on the Escort and Hexes
 25171 | Depths:1 | Entered Level 1 of the Depths
 25179 | Depths:1 | Found Buur's Weapon Shop.
 25246 | Depths:1 | Reached skill level 19 in Axes
 25292 | Depths:1 | HP: 2/151 [spark wasp (14)]
 25292 | Depths:1 | The Shining One protects you from harm!
 25292 | Depths:1 | The Shining One protects you from harm!
 25292 | Depths:1 | Annihilated by an ettin

Illustrated notes

Levels and vault maps discovered:
D:1:      nicolae_arrival_somewhat_less_tricky_arrival, layout_loops_ring,
          hellmonk_ecumenical_altar_watching_god, minmay_misc_feat_four_crosses
D:2:      minmay_razor_zed, layout_basic, basic_altar, uniq_crazy_yiuf_cottage
D:3:      layout_basic, ebering_ghost_rock_garden, minivault_27, uniq_terence,
          uniq_jessica
D:4:      layout_basic, uniq_grinder
D:5:      layout_basic, mainiacjoe_overflow_catwalk_spiral,
          minmay_temple_entry_offerings, minmay_fractal_squares_diagonal_5
D:6:      layout_layer_cave, lemuel_round_altar,
          nicolae_qazlal_scattered_showers, uniq_maggie
D:7:      layout_gridville, serial_shops, nicolae_shop_hallway_plus
D:8:      layout_loops_ring, kennysheep_pointless_box, hangedman_decor_lopped,
          uniq_joseph
D:9:      layout_basic, erik_lair_island, chequers_serial_rivers_micro_b,
          hangedman_incinerator
D:10:     layout_basic, uniq_josephine
D:11:     gammafunk_wand_slinger, layout_loops_cross,
          minmay_orc_entry_guard_dogs
D:12:     layout_rooms, biasface_ghost_orc_armoury, gauntlet_entry_generic
D:13:     layout_irregular_city, grunt_dithmenos_shadows
D:14:     minmay_swirls_squares, layout_basic, grunt_vaults_entry_fortified,
          minmay_curled_crystal, serial_shops, nicolae_shop_crystal,
          kiku_gazebo_pond_becter, uniq_agnes
D:15:     hangedman_depths_entry_try_elsewhere_first, layout_rooms,
          nicolae_hepliaklqana_hippocampus, uniq_louise, uniq_azrael
Temple:   eino_narrow_crystal_temple
Lair:1:   layout_chaotic_city
Lair:2:   layout_roguey, minmay_snake_entry_six_corridors
Lair:3:   layout_hall_layers, portal_ice_cave_rime, grunt_megastairs_3,
          uniq_gastronok
Lair:4:   layout_roguey, palyth_hydra_swamp_entry, serial_bayou_shore_b,
          lemuel_fruit_tree, infiniplex_staircase_pool_2
Lair:5:   layout_small_grid, chequers_serial_rivers_micro_d
Lair:6:   hangedman_lair_tendril_chambers, layout_regular_city,
          guppyfry_lair_end_dragon, slime_altar_1, enter_volcano_1
Orc:1:    layout_caves, hellmonk_ghost_happy_afterlife
Orc:2:    grunt_orc_gardens, layout_caves, grunt_orc_garden, grunt_orc_garden,
          grunt_orc_garden, grunt_orc_garden, serial_shops, shop,
          okawaru_metal_pillars_1_2
Depths:1: kennysheep_ogre_elephant_herders, layout_long_grid, serial_shops,
          shop, minmay_misc_feat_rows, hell_entry,
          kennysheep_opposing_triangles, minmay_shop_star, uniq_enchantress

Skill      XL: |  1  2  3  4  5  6  7  8  9 10 11 12 13 14 15 16 17 18 19 |
---------------+----------------------------------------------------------+-----
Shields        | 4 5 6 7 9 10 11 12 13 | 13.8
Stealth        | 1 2 3 4 |  4.3
Axes           | 3 4 5 7 9 10 12 13 14 16 17 18 19 | 19.0
Spellcasting   | 1 2 3 4 5 6 7 8 9 10 | 10.1
Fighting       | 4 5 6 7 8 9 10 11 12 13 | 13.9
Armour         | 4 5 6 7 8 9 |  9.4
Invocations    | 2 4 5 6 7 8 9 10 11 | 11.4
Evocations     | 3 4 5 6 7 8 |  8.9
Crossbows      | 1 |  1.4
Poison Magic   | 1 |  1.2
Hexes          | 1 |  1.7
Short Blades   | |  0.5
Long Blades    | |  0.5
Maces & Flails | |  0.9
Polearms       | |  0.6
Slings         | |  0.6
Bows           | |  0.3
Throwing       | |  0.5
Unarmed Combat | |  0.5
Conjurations   | |  0.4
Summonings     | |  0.5
Necromancy     | |  0.5
Translocations | |  0.6
Transmutations | |  0.6
Fire Magic     | |  0.5
Ice Magic      | |  0.5
Air Magic      | |  0.3
Earth Magic    | |  0.7

Action                   |  1- 3 |  4- 6 |  7- 9 | 10-12 | 13-15 | 16-18 | 19-21 || total
-------------------------+-------+-------+-------+-------+-------+-------+-------++-------
Melee: War axe           |    88 |   148 |   199 |   489 |   219 |       |       ||  1143
       Mace              |       |     6 |       |       |     3 |       |       ||     9
       Battleaxe         |       |       |       |       |   547 |   296 |   100 ||   943
       Glaive            |       |       |       |       |       |     2 |       ||     2
Invok: Divine Shield     |       |       |       |     5 |     8 |     3 |     2 ||    18
       Summon Divine War |       |       |       |       |     4 |     1 |     2 ||     7
 Abil: Shaft Self        |       |       |     1 |       |     2 |       |       ||     3
       Dig               |       |       |       |     1 |     4 |       |       ||     5
Evoke: Wand              |       |       |       |       |     3 |     5 |    12 ||    20
  Use: Potion            |       |       |     1 |     2 |     2 |     3 |     4 ||    12
       Scroll            |       |       |       |    12 |     9 |     1 |     2 ||    24
Armor: Scale mail        |    57 |       |       |       |       |       |       ||    57
       Plate armour      |     5 |   146 |   130 |   230 |   309 |   103 |    26 ||   949
Dodge: Dodged            |    48 |    63 |    66 |   177 |   129 |    47 |    18 ||   548
Block: Buckler           |    23 |    36 |    39 |    87 |       |       |       ||   185
       Kite shield       |       |       |       |   111 |   480 |   220 |    81 ||   892
